 Dungeon Crawl Stone Soup version 0.18.1-48-g4cf74bf (webtiles) character file.

248290 juanjsm the Unseen (level 18, -6/102 HPs)
             Began as a Spriggan Enchanter on Aug 13, 2016.
             Was the Champion of Okawaru.
             Killed from afar by a deep elf sorcerer (27 damage)
             ... with damnation
             ... on level 3 of the Elven Halls on Aug 29, 2016.
             The game lasted 05:16:40 (43454 turns).

juanjsm the Unseen (Spriggan Enchanter)            Turns: 43454, Time: 05:16:41

Health: -6/102     AC: 13    Str:  8    XL:     18   Next: 84%
Magic:  38/49      EV: 33    Int: 17    God:    Okawaru [******]
Gold:   2387       SH: 12    Dex: 24    Spells: 8 memorised, 30 levels left

rFire  . . .     SeeInvis +     I - +3 quick blade of Autumn {pierce, -Tele rN+ MP+9 Dex+6}
rCold  + . .     Gourm    .     o - +4 robe "Gipp" {+Inv rElec Str+4 Dex-2}
rNeg   + . .     Faith    .     a - +3 buckler {rC+}
rPois  +         Spirit   .     F - +2 hat {MR+}
rElec  +         Dismiss  .     Z - +2 cloak {rPois}
rCorr  .         Reflect  .     (gloves unavailable)
SustAt .         Harm     .     (boots unavailable)
MR     +++++     NoTele   +     r - amulet of magic regeneration
Stlth  +++++++++.               L - ring "Afiul" {+Inv rPois MR+}
                                u - ring "Vewn" {MR+ Dex-2 Slay+5 Stlth+}

@: very quick, almost entirely resistant to hostile enchantments, incredibly
stealthy
A: unfitting armour, hooves 1, slimy green scales 1, see invisible, clumsy 1,
herbivore 3, speed 3, robust 1, slow metabolism 2
a: Heroism, Finesse, Renounce Religion, Evoke Invisibility
}: 2/15 runes: decaying, gossamer


You were on level 3 of the Elven Halls.
You worshipped Okawaru.
Okawaru was exalted by your worship.
You were not hungry.

You visited 7 branches of the dungeon, and saw 37 of its levels.
You also visited: Labyrinth and Sewer.

You collected 3562 gold pieces.
You spent 1175 gold pieces at shops.

Inventory:

Hand Weapons
 c - a +0 dagger
 I - the +3 quick blade of Autumn (weapon) {pierce, -Tele rN+ MP+9 Dex+6}
   (You acquired it on level 12 of the Dungeon)

   It inflicts extra damage upon your enemies.
   It affects your dexterity (+6).
   It protects you from negative energy.
   It affects your magic capacity (+9).
   It prevents most forms of teleportation.
 X - a +2 antimagic quick blade
Missiles
 T - 4 throwing nets (quivered)
Armour
 a - a +3 buckler of cold resistance (worn)
 o - the +4 robe "Gipp" (worn) {+Inv rElec Str+4 Dex-2}
   (Okawaru gifted it to you on level 2 of the Lair of Beasts)

   It affects your strength (+4).
   It affects your dexterity (-2).
   It insulates you from electricity.
   It lets you turn invisible.
 y - a +0 cloak of magic resistance
 F - a +2 hat of magic resistance (worn)
 Z - a +2 cloak of poison resistance (worn)
Jewellery
 k - an uncursed ring of sustain attributes {unknown}
 r - an amulet of magic regeneration (around neck)
 u - the ring "Vewn" (left hand) {MR+ Dex-2 Slay+5 Stlth+}
   (You took it off a minotaur in a labyrinth)

   [ring of stealth]

   It affects your dexterity (-2).
   It affects your accuracy and damage with ranged weapons and melee attacks
   (+5).
   It affects your resistance to hostile enchantments.
   It makes you more stealthy.
 L - the ring "Afiul" (right hand) {+Inv rPois MR+}
   (You found it on level 8 of the Lair of Beasts)

   [ring of poison resistance]

   It protects you from poison.
   It affects your resistance to hostile enchantments.
   It lets you turn invisible.
 U - an uncursed ring of stealth
Wands
 e - a wand of heal wounds (9/9)
 f - a wand of digging (9/24)
 w - a wand of slowing (14/48)
 R - a wand of iceblast (6/15)
Scrolls
 b - 3 scrolls of fog
 d - a scroll of brand weapon {unknown}
 g - 14 scrolls of teleportation
 n - 2 scrolls of immolation
 p - a scroll of silence {unknown}
 q - a scroll of summoning {unknown}
 C - 3 scrolls of blinking
 E - a scroll of fear {unknown}
 H - 4 scrolls of identify
 M - a scroll of remove curse
 O - a scroll of acquirement
 W - 2 scrolls of vulnerability {unknown}
Potions
 h - 3 potions of flight
 j - 10 potions of lignification
 l - 3 potions of agility
 s - 4 potions of magic
 t - 19 potions of curing
 v - 5 potions of might
 x - 5 potions of brilliance
 z - 4 potions of heal wounds
 G - 6 potions of resistance
 J - 3 potions of cancellation
 K - a potion of ambrosia
 Q - 5 potions of invisibility
 Y - 2 potions of haste
Books
 m - a book of the Sky

   Spells                             Type                      Level
   a - Summon Lightning Spire         Summoning/Air                4
   b - Airstrike                      Air                          4
   c - Silence                        Hexes/Air                    5
   d - Deflect Missiles               Charms/Air                   6
   e - Conjure Ball Lightning         Conjuration/Air              6
   f - Tornado                        Air                          9
 A - a book of Power

   Spells                             Type                      Level
   a - Fulminant Prism                Conjuration/Hexes            4
   b - Iskenderun's Mystic Blast      Conjuration                  4
   c - Venom Bolt                     Conjuration/Poison           5
   d - Bolt of Magma                  Conjuration/Fire/Earth       5
   e - Iron Shot                      Conjuration/Earth            6
   f - Orb of Destruction             Conjuration                  7
   g - Spellforged Servitor           Conjuration/Summoning        7
 S - a book of the Warp

   Spells                             Type                      Level
   a - Recall                         Summoning/Translocation      3
   b - Gell's Gravitas                Hexes/Translocation          3
   c - Force Lance                    Conjuration/Translocation    4
   d - Warp Weapon                    Charms/Translocation         5
   e - Summon Forest                  Summoning/Translocation      5
Miscellaneous
 i - a disc of storms
 N - a plain deck of escape {Warpwright}
 P - a plain deck of defence {the Tomb}
 V - a plain deck of escape {Swap}
Comestibles
 B - 16 bread rations
 D - 4 fruits


   Skills:
 - Level 10.1 Fighting
 - Level 10.6 Short Blades
 - Level 17.9 Dodging
 + Level 20.4 Stealth
 - Level 7.2 Shields
 * Level 17.9 Spellcasting
 + Level 8.2 Conjurations
 - Level 11.9 Hexes
 + Level 6.6 Invocations
 - Level 11.2 Evocations


You had 30 spell levels left.
You knew the following spells:

 Your Spells              Type           Power        Failure   Level  Hunger
a - Corona                Hex            ######.      1%          1    None
b - Ensorcelled Hibernat  Hex/Ice        #####.       1%          2    None
c - Confuse               Hex            ######..     1%          3    None
d - Dazzling Spray        Conj/Hex       #####.       1%          3    None
e - Silence               Hex/Air        #####.....   12%         5    ###....
f - Blink                 Tloc           N/A          10%         2    None
g - Tukima's Dance        Hex            ######..     1%          3    None
h - Regeneration          Chrm/Necr      ###.......   14%         3    None


Dungeon Overview and Level Annotations

Branches:
Dungeon (15/15)            Temple (1/1) D:7            Lair (8/8) D:9
  Swamp (4/4) Lair:4       Spider (4/4) Lair:3        Slime (0/6) Lair:8
    Orc (2/2) D:11            Elf (3/3) Orc:2        Vaults (0/5) D:13
 Depths (0/5) D:15

Altars:
Ashenzari
Cheibriados
Dithmenos
Elyvilon
Fedhas
Gozag
Kikubaaqudgha
Makhleb
Nemelex Xobeh
Okawaru
Pakellas
Qazlal
Ru
Sif Muna
Trog
Vehumet
Xom
Yredelemnul
Zin
The Shining One
Beogh

Shops:
D:12 }   D:13 !   Orc:2 =([*

Annotations:
D:12 Kirke
Lair:1 exclusion: oklob plant
Spider:2 exclusion: 2 oklob plants


Innate Abilities, Weirdness & Mutations

You are tiny and cannot use many weapons and most armour.
You have supernaturally acute eyesight.
You are a herbivore.
You cover ground extremely quickly.
You need consume almost no food.
You have large cloven feet.
You are partially covered in slimy green scales (AC +2).
You are clumsy. (Dex -2)
You are robust (+10% HP).


Message History

Aim: a deep elf sorcerer, wielding a dagger (chance to defeat MR: 4%)
The deep elf sorcerer resists with almost no effort.
The deep elf sorcerer gestures wildly while chanting.
The deep elf sorcerer seems to speed up.
Casting: Confuse
Confirm with . or Enter, or press ? or * to list all spells.
Aiming: Confuse
Press: ? - help, Shift-Dir - straight line, f/p - deep elf sorcerer
Aim: a deep elf sorcerer, wielding a dagger (fast, chance to defeat MR: 4%)
The deep elf sorcerer resists with almost no effort.
The deep elf sorcerer gestures at you while chanting.
The bolt of acid hits you!
The acid burns!
* * * LOW HITPOINT WARNING * * *
There is an open door, spattered with blood here.
You close the door.
A deep elf sorcerer opens the door.
There is a stone staircase leading up here.
The deep elf sorcerer gestures at you while chanting.
The damnation unfurls!
The damnation engulfs you!
You die...

#.# #########
##.......##
##.........+# #####
##...........## #.....
#.............# #......
#.............##.......
#.............#........
+.......@...e.').......
#..)..........#.)......
#......<......#........
#............?#........
##.......[...###.......
#+........$## #......
##.......#+ #.....
####+#### #####


You could see a deep elf sorcerer.

Vanquished Creatures
  Saint Roka (Orc:2)
  Rupert (Lair:8)
  A sphinx (D:14)
  A thorn hunter (Swamp:3)
  A storm dragon (D:14)
  A frost giant (D:14)
  A fire giant (D:15)
  A ghost moth (Spider:4)
  10 emperor scorpions
  Nessos (Lair:6)
  2 spark wasps (Spider:3)
  Snorg (Lair:3)
  2 vault guards (D:13)
  A minotaur (Lab)
  The ghost of Gartch4 the Grappler, a journeyman TrAE of Okawaru (Lair:3)
  An ettin (Orc:2)
  Erolcha (D:13)
  Harold (D:11)
  5 entropy weavers
  Fannar (D:10)
  2 centaur warriors (D:13)
  A catoblepas (Lair:8)
  20 hydras
  12 alligators
  29 dancing weapons
  9 death yaks
  A deep troll shaman (Lair:8)
  6 ogre magi
  A queen ant (Lair:8)
  2 orc high priests
  2 tengu warriors
  10 deep elf knights
  A fire crab (Lair:7)
  3 skeletal warriors (D:14)
  2 spriggan druids
  A shambling mangrove (Swamp:4)
  A deep troll (D:14)
  3 deep elf archers
  2 orc knights
  2 wizards
  The ghost of dvd the Twirler, a novice GrGl of Cheibriados (D:6)
  11 swamp dragons
  9 hill giants
  26 wolf spiders
  18 orb spiders
  3 hornets
  35 deep elf magi
  A cyclops (D:14)
  7 black mambas
  3 griffons
  5 moths of wrath
  An octopode (shapeshifter) (D:14)
  9 elephants
  A gargoyle (D:15)
  3 centaur zombies
  4 torpor snails
  Joseph (D:7)
  23 spiny frogs
  A kobold demonologist (D:14)
  3 rime drakes
  2 tengu conjurers (D:13)
  13 demonic crawlers
  11 komodo dragons
  A yaktaur (D:13)
  2 polar bears (Lair:8)
  4 giant leeches
  A harpy zombie (D:15)
  38 jumping spiders
  15 blink frogs
  21 two-headed ogres
  4 trolls
  11 slime creatures
  2 boulder beetles
  6 bog bodies
  3 wyverns
  9 shadows
  2 water elementals (D:14)
  9 spriggans
  74 redbacks
  27 tarantellas
  A vampire (D:13)
  29 yaks
  Grum (Lair:1)
  18 humans (D:13)
  4 basilisks
  A basilisk (shapeshifter) (D:15)
  2 hogs (D:12)
  2 hungry ghosts
  22 vampire mosquitoes
  Menkaure (D:5)
  10 hippogriffs
  A hippogriff (shapeshifter) (Elf:1)
  23 insubstantial wisps
  11 water moccasins
  8 soldier ants (Lair:8)
  11 porcupines
  19 swamp worms
  Duvessa (D:7)
  13 swamp drakes
  2 phantoms
  A sky beast (D:10)
  24 orc warriors
  A necrophage (D:7)
  4 ice beasts
  12 wasps
  An eye of draining (D:12)
  2 black bears
  19 centaurs
  44 ogres
  19 wolves
  21 crocodiles
  6 big kobolds
  15 giant frogs
  2 earth elementals
  A wyvern skeleton (D:6)
  2 scorpions
  Dowan (D:7)
  6 killer bees (D:7)
  14 wights
  A spriggan skeleton (Lab)
  4 electric eels
  7 howler monkeys
  3 crimson imps
  2 giant frog zombies
  7 hounds
  A gnoll shaman (D:8)
  10 orc priests
  Crazy Yiuf (D:7)
  6 centaur skeletons
  3 jellies
  3 giant frog skeletons
  19 orc wizards
  Ijyb (D:2)
  11 iguanas
  34 worker ants
  14 sheep
  A worker ant zombie (D:5)
  5 gnolls (D:8)
  12 adders
  82 river rats
  3 shadow imps
  3 oozes
  An adder zombie (D:6)
  An adder skeleton (D:7)
  A worm (D:3)
  A dart slug (D:2)
  9 giant geckos
  70 orcs
  4 giant cockroaches
  7 goblins
  2 hobgoblins
  5 jackals
  5 quokkas
  3 ball pythons (Sewer)
  8 bats
  4 giant newts
  A jackal skeleton (D:4)
  42 kobolds
  24 rats
  A briar patch (Swamp:4)
  A plant (Lair:8)
1363 creatures vanquished.

Vanquished Creatures (others)
  A redback (Spider:1)
  A hippogriff (D:6)
  An electric eel (D:14)
  An iguana (D:13)
  A worker ant (D:14)
  A briar patch (Swamp:4)
  13 fungi (Lair:8)
  9 plants (Lair:8)
28 creatures vanquished.

Grand Total: 1391 creatures vanquished

Notes
Turn   | Place    | Note
--------------------------------------------------------------
     0 | D:1      | juanjsm the Spriggan Enchanter began the quest for the Orb.
     0 | D:1      | Reached XP level 1. HP: 9/9 MP: 5/5
   121 | D:1      | Reached XP level 2. HP: 2/13 MP: 2/6
   125 | D:1      | Learned a level 2 spell: Ensorcelled Hibernation
   484 | D:1      | Found an iron altar of Okawaru.
   529 | D:1      | Became a worshipper of Warmaster Okawaru
   843 | D:2      | Noticed Ijyb
   855 | D:2      | Killed Ijyb
   855 | D:2      | Reached skill level 1 in Fighting
   855 | D:2      | Reached XP level 3. HP: 18/18 MP: 2/8
   972 | D:2      | Found a shattered altar of Ashenzari.
  1169 | D:2      | Learned a level 3 spell: Confuse
  1465 | D:3      | Found a white marble altar of Elyvilon.
  1681 | D:3      | Reached skill level 5 in Stealth
  1681 | D:3      | Reached XP level 4. HP: 18/22 MP: 0/9
  1864 | D:4      | Reached XP level 5. HP: 19/25 MP: 9/11
  1869 | D:4      | Learned a level 3 spell: Dazzling Spray
  1910 | D:4      | Noticed an ogre
  1918 | D:4      | Killed an ogre
  1918 | D:4      | Reached * piety under Okawaru
  2018 | D:4      | Found a glowing drain.
  2026 | Sewer    | Entered a sewer
  2196 | Sewer    | Reached XP level 6. HP: 30/30 MP: 9/13
  2357 | Sewer    | Reached skill level 6 in Stealth
  2784 | Sewer    | Reached skill level 5 in Dodging
  3289 | D:3      | Reached ** piety under Okawaru
  3289 | D:3      | Reached XP level 7. HP: 32/35 MP: 0/14
  3562 | D:3      | Found a sparkling altar of Nemelex Xobeh.
  3569 | D:3      | Found a blossoming altar of Fedhas.
  3907 | D:4      | Reached skill level 5 in Hexes
  4257 | D:5      | Entered Level 5 of the Dungeon
  4306 | D:5      | Noticed Menkaure
  4355 | D:5      | Killed Menkaure
  4366 | D:5      | Reached skill level 7 in Stealth
  4722 | D:5      | Reached skill level 1 in Shields
  4739 | D:5      | Reached skill level 5 in Spellcasting
  4747 | D:5      | Reached XP level 8. HP: 40/40 MP: 2/16
  5229 | D:6      | Noticed dvd's ghost (novice GrGl)
  5273 | D:7      | Noticed Dowan
  5275 | D:7      | Noticed Duvessa
  5276 | D:7      | Killed Dowan
  5558 | D:7      | Noticed Crazy Yiuf
  5572 | D:7      | Killed Crazy Yiuf
  5670 | D:6      | Got a sparkling copper ring
  5679 | D:6      | Identified the ring "Dequobludaut" {Ice *Confuse MR+++ Int+9 Dex-4} (You found it on level 6 of the Dungeon)
  5709 | D:6      | Reached *** piety under Okawaru
  5738 | D:6      | Reached skill level 8 in Stealth
  5934 | D:6      | Found an oddly glowing altar of Pakellas.
  5934 | D:6      | Noticed an orange crystal statue
  6235 | D:6      | Killed dvd's ghost
  6235 | D:6      | Reached **** piety under Okawaru
  6235 | D:6      | Reached skill level 5 in Short Blades
  6235 | D:6      | Reached XP level 9. HP: 38/45 MP: 7/19
  6303 | D:7      | Noticed Joseph
  6330 | D:7      | Killed Joseph
  6330 | D:7      | Reached skill level 9 in Stealth
  6508 | D:7      | Killed Duvessa
  6508 | D:7      | Reached ***** piety under Okawaru
  7082 | D:7      | Found a staircase to the Ecumenical Temple.
  7089 | Temple   | Entered the Ecumenical Temple
  7543 | D:8      | Reached XP level 10. HP: 50/51 MP: 14/21
  8170 | D:8      | Noticed a tengu warrior
  8423 | D:8      | Killed a tengu warrior
  8423 | D:8      | Received a gift from Okawaru
  8423 | D:8      | Reached skill level 10 in Stealth
  8424 | D:8      | Got a heavily runed cloak {god gift}
  8436 | D:8      | Identified the +0 cloak "Qoipopaosh" {SInv} (Okawaru gifted it to you on level 8 of the Dungeon)
  8506 | D:9      | Found a staircase to the Lair.
  8535 | D:9      | Reached skill level 5 in Fighting
  8831 | D:9      | You fall through a shaft for 2 floors!
  8850 | D:11     | Noticed a hill giant
  8894 | D:10     | Entered Level 10 of the Dungeon
 10042 | D:10     | Noticed Fannar
 10065 | D:10     | Killed Fannar
 10065 | D:10     | Reached skill level 10 in Dodging
 10065 | D:10     | Reached XP level 11. HP: 36/56 MP: 7/24
 10141 | D:10     | Noticed a hill giant
 10164 | D:10     | Killed a hill giant
 10359 | D:11     | Found a staircase to the Orcish Mines.
 10444 | D:11     | Reached skill level 11 in Stealth
 10580 | D:11     | Killed a hill giant
 10594 | D:11     | Noticed Harold
 10865 | D:11     | Killed Harold
 10865 | D:11     | Received a gift from Okawaru
 11248 | D:12     | Found Unubojun's Gadget Emporium.
 11370 | D:12     | Noticed a hill giant
 11378 | D:12     | Killed a hill giant
 11404 | D:12     | Noticed a hill giant
 11412 | D:12     | Killed a hill giant
 11437 | D:12     | Reached skill level 12 in Stealth
 11488 | D:12     | Noticed a hill giant
 11495 | D:12     | Killed a hill giant
 11495 | D:12     | Reached skill level 5 in Shields
 11673 | D:12     | Reached ****** piety under Okawaru
 11675 | D:12     | Noticed Kirke
 12556 | D:12     | Identified 3 scrolls of acquirement
 12557 | D:12     | Got a slimy quick blade
 12558 | D:12     | Identified the +3 quick blade of Autumn {pierce, -Tele rN+ MP+9 Dex+6} (You acquired it on level 12 of the Dungeon)
 12807 | D:13     | Reached XP level 12. HP: 62/62 MP: 26/26
 12879 | D:13     | Noticed a centaur warrior
 12891 | D:13     | Killed a centaur warrior
 12963 | D:13     | Found Ataenad's Distillery.
 12974 | D:13     | Bought a potion of degeneration for 10 gold pieces
 13115 | D:13     | Noticed Erolcha
 13122 | D:13     | Killed Erolcha
 13122 | D:13     | Received a gift from Okawaru
 13153 | D:13     | Noticed a centaur warrior
 13167 | D:13     | Killed a centaur warrior
 13227 | D:13     | Reached skill level 10 in Hexes
 13331 | Lair:1   | Entered Level 1 of the Lair of Beasts
 13506 | Lair:2   | Noticed a five-headed hydra
 13520 | Lair:2   | Killed a five-headed hydra
 13520 | Lair:2   | Reached skill level 13 in Stealth
 13750 | Lair:2   | Received a gift from Okawaru
 13751 | Lair:2   | Got a wizard robe {god gift}
 13834 | Lair:2   | Reached skill level 10 in Spellcasting
 13948 | Lair:2   | Found a labyrinth entrance.
 13957 | Lab      | Entered a labyrinth
 14590 | Lab      | Noticed a minotaur
 14632 | Lab      | Killed a minotaur
 14635 | Lab      | Got an encrusted morningstar {venom}
 14635 | Lab      | Got a transparent steel ring
 14644 | Lab      | Identified the Grimoire of Lucky Ice (You found it in a labyrinth)
 14647 | Lab      | Identified the +5 morningstar "Cigire" {venom, rF- Int+2 Dex+4} (You took it off a minotaur in a labyrinth)
 14660 | Lab      | Identified the +4 robe "Gipp" {+Inv rElec Str+4 Dex-2} (Okawaru gifted it to you on level 2 of the Lair of Beasts)
 14661 | Lab      | Identified the ring "Vewn" {MR+ Dex-2 Slay+5 Stlth+} (You took it off a minotaur in a labyrinth)
 15060 | Lair:2   | Gained mutation: You are partially covered in slimy green scales (AC +2). [potion of beneficial mutation]
 15210 | Lair:1   | Noticed Grum
 15263 | Lair:1   | Killed Grum
 15873 | Lair:3   | Noticed Gartch4's ghost (journeyman TrAE)
 15933 | Lair:3   | Killed Gartch4's ghost
 15933 | Lair:3   | Reached XP level 13. HP: 67/67 MP: 28/28
 16039 | Lair:3   | Found a hole to the Spider Nest.
 16097 | Lair:3   | Noticed Snorg
 16102 | Lair:3   | Killed Snorg
 16636 | Lair:4   | Found a staircase to the Swamp.
 16716 | Lair:4   | Received a gift from Okawaru
 16717 | Lair:4   | Got an ominously black robe {god gift}
 16728 | Lair:4   | Identified the +2 robe "Jumoesina" {-Cast rCorr Int+2 Stlth+} (Okawaru gifted it to you on level 4 of the Lair of Beasts)
 16859 | Lair:4   | Reached skill level 14 in Stealth
 19027 | Lair:6   | Noticed Nessos
 19263 | Lair:6   | Killed Nessos
 19263 | Lair:6   | Reached skill level 10 in Short Blades
 19304 | Lair:6   | Received a gift from Okawaru
 20009 | Lair:7   | Reached XP level 14. HP: 72/72 MP: 30/30
 20460 | Lair:8   | Entered Level 8 of the Lair of Beasts
 20671 | Lair:8   | Noticed Rupert
 20737 | Lair:8   | Reached skill level 15 in Stealth
 21099 | Lair:8   | Found a staircase to the Slime Pits.
 21642 | Lair:8   | Killed Rupert
 21642 | Lair:8   | Received a gift from Okawaru
 21642 | Lair:8   | Reached skill level 1 in Evocations
 21892 | Lair:8   | Reached skill level 1 in Conjurations
 22719 | Lair:8   | Received a gift from Okawaru
 23138 | Lair:8   | Got a translucent ivory ring
 23151 | Lair:8   | Identified the ring "Afiul" {+Inv rPois MR+} (You found it on level 8 of the Lair of Beasts)
 23509 | Orc:1    | Entered Level 1 of the Orcish Mines
 23652 | Orc:2    | Entered Level 2 of the Orcish Mines
 23652 | Orc:2    | Found a roughly hewn altar of Beogh.
 23721 | Orc:1    | Found a roughly hewn altar of Beogh.
 23804 | Orc:2    | Noticed Saint Roka
 23904 | Orc:2    | Found a staircase to the Elven Halls.
 23975 | Orc:2    | Found Innasena's Assorted Antiques.
 23975 | Orc:2    | Found Cosoh's Weapon Shoppe.
 23975 | Orc:2    | Found Wofrocu's Antique Armour Shoppe.
 23975 | Orc:2    | Found Gusuh's Jewellery Shop.
 24341 | Orc:2    | Reached skill level 16 in Stealth
 24401 | Orc:2    | Reached skill level 15 in Dodging
 24405 | Orc:2    | Reached XP level 15. HP: 78/78 MP: 8/32
 24570 | Orc:2    | Killed Saint Roka
 24570 | Orc:2    | Received a gift from Okawaru
 25348 | Orc:2    | Reached skill level 5 in Evocations
 25685 | Orc:2    | Bought a glass wand for 100 gold pieces
 25685 | Orc:2    | Bought a scroll of teleportation for 75 gold pieces
 25685 | Orc:2    | Bought a potion of cancellation for 200 gold pieces
 25919 | D:13     | Bought a potion of curing for 30 gold pieces
 25919 | D:13     | Bought 2 potions of magic for 160 gold pieces
 25919 | D:13     | Bought a potion of flight for 30 gold pieces
 25919 | D:13     | Bought 2 potions of curing for 60 gold pieces
 25919 | D:13     | Bought a potion of cure mutation for 250 gold pieces
 25919 | D:13     | Bought a potion of curing for 30 gold pieces
 25919 | D:13     | Bought a potion of resistance for 100 gold pieces
 25919 | D:13     | Bought a potion of resistance for 100 gold pieces
 25919 | D:13     | Bought a potion of curing for 30 gold pieces
 26104 | D:13     | Found a gate to the Vaults.
 27475 | D:14     | Noticed a frost giant
 27491 | D:14     | Killed a frost giant
 27491 | D:14     | Reached skill level 17 in Stealth
 27736 | D:14     | Received a gift from Okawaru
 27913 | D:14     | Noticed a sphinx
 27971 | D:14     | Killed a sphinx
 27980 | D:14     | Noticed a storm dragon
 28075 | D:14     | Killed a storm dragon
 28079 | D:14     | Got a smoking lead ring
 28179 | D:15     | Entered Level 15 of the Dungeon
 28189 | D:15     | Noticed a fire giant
 28463 | D:15     | Reached XP level 16. HP: 81/84 MP: 24/34
 28564 | D:15     | Found a snail-covered altar of Cheibriados.
 28677 | D:15     | Found a staircase to the Depths.
 29169 | Lair:2   | Identified the ring of Cowardice {Str+4 Stlth-} (You found it on level 14 of the Dungeon)
 29188 | Lair:2   | Learned a level 5 spell: Silence
 29191 | Lair:2   | Learned a level 2 spell: Blink
 29246 | Swamp:1  | Entered Level 1 of the Swamp
 29487 | Swamp:1  | Reached skill level 10 in Fighting
 29707 | Swamp:1  | Got a scorched flail
 30056 | Swamp:2  | Noticed a thorn hunter
 30488 | Swamp:2  | Found a shimmering altar of Xom.
 30760 | Swamp:2  | Noticed a thorn hunter
 31487 | Swamp:3  | Reached skill level 5 in Conjurations
 31656 | Swamp:3  | Noticed a thorn hunter
 31668 | Swamp:3  | Killed a thorn hunter
 31831 | Swamp:4  | Entered Level 4 of the Swamp
 31981 | Swamp:4  | Noticed a thorn hunter
 32059 | Swamp:4  | Reached skill level 18 in Stealth
 32075 | Swamp:4  | HP: 2/85 [vampire mosquito (3)]
 32211 | Swamp:3  | Received a gift from Okawaru
 32212 | Swamp:3  | Got an ancient cloak {god gift}
 32223 | Swamp:3  | Identified the -1 cloak of Inevitability {rF- rC+ Int+2} (Okawaru gifted it to you on level 3 of the Swamp)
 33280 | Swamp:4  | Got a decaying rune of Zot
 33528 | Swamp:4  | Gained mutation: You are robust (+10% HP). [potion of mutation]
 33528 | Swamp:4  | Gained mutation: You have large cloven feet. [potion of mutation]
 33528 | Swamp:4  | Gained mutation: You are clumsy. (Dex -2) [potion of mutation]
 34097 | Lair:2   | Learned a level 3 spell: Tukima's Dance
 34104 | Lair:2   | Identified Gupposhu's Compendium of Conjuration (You acquired it on level 2 of the Lair of Beasts)
 34834 | Spider:1 | Entered Level 1 of the Spider Nest
 34846 | Spider:1 | Reached XP level 17. HP: 97/97 MP: 36/36
 34911 | Spider:1 | Reached skill level 10 in Evocations
 35813 | Spider:1 | Reached skill level 15 in Spellcasting
 36373 | Spider:2 | Reached skill level 19 in Stealth
 36915 | Spider:2 | Received a gift from Okawaru
 37009 | Spider:2 | Reached skill level 1 in Invocations
 37290 | Spider:2 | HP: 2/97 [acid (10)]
 38396 | Spider:4 | Entered Level 4 of the Spider Nest
 38401 | Spider:4 | Received a gift from Okawaru
 38645 | Spider:4 | Learned a level 3 spell: Regeneration
 38924 | Spider:4 | Reached XP level 18. HP: 95/102 MP: 39/39
 39339 | Spider:4 | Got a gossamer rune of Zot
 39818 | Elf:1    | Entered Level 1 of the Elven Halls
 39958 | Elf:1    | Reached skill level 5 in Invocations
 40150 | Elf:1    | Received a gift from Okawaru
 41339 | Elf:2    | Reached skill level 20 in Stealth
 41632 | Elf:2    | Found a runed gate.
 41632 | Elf:2    | Found a runed gate.
 41632 | Elf:2    | Found a runed gate.
 43406 | Elf:3    | Entered Level 3 of the Elven Halls
 43454 | Elf:3    | Killed from afar by a deep elf sorcerer

Skill      XL: |  1  2  3  4  5  6  7  8  9 10 11 12 13 14 15 16 17 18 |
---------------+-------------------------------------------------------+-----
Fighting       | 1 2 3 4 5 6 7 8 9 10 | 10.1
Spellcasting   | 3 4 5 6 7 8 9 10 11 12 13 14 16 17 | 17.9
Hexes          | 4 5 6 7 8 9 10 11 | 11.9
Dodging        | 4 5 6 7 8 10 11 12 13 15 16 17 | 17.9
Stealth        | 5 6 7 8 9 10 12 13 14 16 17 18 19 20 | 20.4
Short Blades   | 2 3 5 7 8 9 10 | 10.6
Shields        | 1 2 3 4 5 6 7 |  7.2
Evocations     | 3 7 9 11 | 11.2
Conjurations   | 2 4 5 7 8 |  8.2
Invocations    | 3 6 |  6.6

Action                   |  1- 3 |  4- 6 |  7- 9 | 10-12 | 13-15 | 16-18 || total
-------------------------+-------+-------+-------+-------+-------+-------++-------
Melee: Dagger            |    95 |   136 |   256 |   268 |       |       ||   755
       Quick blade       |       |       |       |   129 |  1165 |  1177 ||  2471
       Kick              |       |       |       |       |       |   172 ||   172
 Cast: Corona            |     4 |       |       |       |       |       ||     4
       Ensorcelled Hiber |    24 |    36 |    72 |   164 |   398 |   313 ||  1007
       Confuse           |     2 |     1 |    28 |    73 |   147 |   252 ||   503
       Dazzling Spray    |       |     5 |       |    19 |    38 |   152 ||   214
 Abil: Evoke Invisibilit |       |       |       |       |     1 |       ||     1
       Evoke Flight      |       |       |       |       |       |     4 ||     4
Evoke: Wand              |       |       |       |       |       |     1 ||     1
  Use: Potion            |       |     1 |     3 |     4 |       |     4 ||    12
       Scroll            |       |       |    15 |     9 |     8 |    14 ||    46
 Stab: Sleeping          |    21 |    47 |    62 |   170 |   276 |   275 ||   851
       Confused          |     1 |       |    20 |    33 |    67 |   116 ||   237
       Invisible         |       |     1 |       |     9 |    39 |    26 ||    75
       Distracted        |       |       |     2 |     3 |    13 |    10 ||    28
  Eat: Pizza             |       |     1 |       |     4 |       |     2 ||     7
       Bread ration      |       |     1 |       |       |       |       ||     1
       Royal jelly       |       |       |     1 |       |     1 |       ||     2
       Fruit             |       |       |       |     4 |     8 |    13 ||    25
Armor: Robe              |     4 |     2 |     5 |    10 |    41 |    54 ||   116
       Skin              |       |       |    63 |       |       |       ||    63
Dodge: Dodged            |    60 |   120 |   149 |   340 |   604 |   690 ||  1963
Block: Buckler           |       |       |       |       |   218 |   374 ||   592
